AoeStats
← 无套干炮

Arabia

505786133Analyzed
1v1 RM · 22d ago on Sep 11, 2026· 43m 58s· 2 players
Game mode
Random Map
Map size
Tiny (2 player)
Population
200
Speed
Normal
Resources
Standard
Victory
Conquest
Starting age
Dark Age
Ending age
Imperial Age
RankedLock teamsTeams togetherTeam positionsShared explorationLock speedFull tech treeHidden civsTurbo modeCheats
Victory
Defeat
🇨🇳 Huns · China
718
+15
🇲🇽 Saracens · Mexico
705
-15
jesus082879
10:19 Feudal Age
11:36 Wheelbarrow
10:51 Double-Bit Axe
14:13 Horse Collar
21:44 Castle Age
20:37 Forging
20:50 Scale Barding Armor
20:50 Stone Mining
21:49 Bloodlines
22:35 Bow Saw
22:47 Husbandry
23:22 Hand Cart
22:54 Loom
23:30 Light Cavalry
26:05 Iron Casting
25:56 Pikeman
27:20 Treadmill Crane
28:18 Heavy Plow
30:39 Town Watch
32:34 Town Patrol
33:47 Fervor
37:06 Imperial Age
34:35 Fletching
35:34 Masonry
无套干炮
9:10 Loom
11:31 Feudal Age
15:40 Castle Age
14:26 Double-Bit Axe
14:46 Horse Collar
15:28 Gold Mining
17:51 Wheelbarrow
17:13 Town Watch
22:53 Bow Saw
23:45 Heavy Plow
23:39 Stone Mining
24:49 Husbandry
25:00 Bloodlines
25:40 Bloodlines
32:53 Imperial Age
30:55 Hand Cart
30:55 Fletching
31:06 Padded Archer Armor
32:01 Ballistics
32:32 Gold Shaft Mining
32:17 Forging
32:39 Thumb Ring
32:46 Bodkin Arrow
33:08 Leather Archer Armor
34:39 Bracer
35:46 Chemistry
35:44 Parthian Tactics
35:49 Conscription
36:34 Scale Barding Armor
37:05 Iron Casting
37:51 Chain Barding Armor
37:31 Scale Mail Armor
36:55 Cavalier
37:37 Heavy Cavalry Archer
43:40 Two-Man Saw
43:28 Atheism
Connection lost

Rejoining the realm…

Still unreachable

The connection could not be restored.

Session expired

The server has moved on; the page needs a fresh start.